 Dungeon Crawl Stone Soup version 0.31.0-1-g2c135a008e (webtiles) character file.

Game seed: 4708025602009694348

38 qw the Shooter (level 3, -7/29 HPs)
             Began as a Djinni Hunter on Jan 24, 2024.
             Killed by divine providence
             ... invoked by an orc priest
              (15 damage)
             ... on level 2 of the Dungeon.
             The game lasted 00:00:04 (1285 turns).

qw the Shooter (Djinni Hunter)                      Turns: 1285, Time: 00:00:05

Health: -7/29      AC:  5    Str: 10    XL:     3   Next: 65%
Gold:   134        EV: 11    Int: 10    God:
                   SH:  0    Dex: 18

rFire   + + .        a - +0 shortbow
rCold   x . .        (shield currently unavailable)
rNeg    . . .        b - +0 ring mail
rPois   inf          (no helmet)
rElec   .            (no cloak)
rCorr   .            (no gloves)
SInv    .            (boots unavailable)
Will    .....        d - amulet of regeneration
Stlth   +            (no ring)
HPRegen 1.04/turn    (no ring)
MPRegen 0.00/turn

%: infuse magic (-8 HP)
@: flying
A: sickness immunity, fire resistance 2, cold vulnerability 1, float, innate
caster, HP casting, extra vitality 1
a: no special abilities


You were on level 2 of the Dungeon.
You visited 1 branch of the dungeon, and saw 2 of its levels.

You collected 134 gold pieces.


Innate Abilities, Weirdness & Mutations

You are immune to sickness and miasma.
You are immune to poison.
Your flesh is very heat resistant. (rF++)
You are vulnerable to cold. (rC-)
You float through the air rather than walking.
You learn spells naturally, not from books.
Your magical power is your life essence.
You have superior vitality. (+4 MHP)


   Skills:
 - Level 2.4 Fighting
 - Level 4.0 Ranged Weapons
 + Level 0.7 Armour
 - Level 2.1 Dodging
 - Level 0.7 Stealth


You knew the following spells:

 Your Spells              Type           Power      Damage    Failure   Level
a - Kiss of Death         Conj/Necr      0%         2d5       69%         1
Your spell library was empty.

Inventory:

Hand Weapons
 a - a +0 shortbow (weapon)
Armour
 b - a +0 ring mail (worn)
Jewellery
 d - an amulet of regeneration (around neck)
Potions
 e - 4 potions of curing
 f - a potion of magic {unknown}
 i - a potion of degeneration {unknown}

Dungeon Overview and Level Annotations

Branches:
Dungeon (2/15)

Altars:
Gozag

Shops:
D:2 :=


Message History

The arrow closely misses the orc priest.
The orc priest calls down the wrath of Beogh upon you.
Pain shoots through your body!
You shoot an arrow.
The arrow hits the orc priest but does no damage.
You shoot an arrow. The arrow completely misses the orc.
The orc priest barely misses you. The orc hits you with a +0 short sword.
You shoot an arrow. The arrow hits the orc.
You kill the orc!
The orc priest hits you with a +0 dagger.
The orc priest calls down the wrath of Beogh upon you.
You barely resist. You shoot an arrow.
The arrow closely misses the orc priest.
The orc priest hits you with a +0 dagger.
You shoot an arrow.
The arrow hits the orc priest but does no damage.
The orc priest closely misses you.
You shoot an arrow. The arrow barely misses the orc priest.
The orc priest misses you.
The orc priest hits you with a +0 dagger.
You shoot an arrow. The arrow hits the orc priest.
The orc priest is lightly wounded.
The orc priest invokes the aid of Beogh against you.
Pain shoots through your body!
You shoot an arrow. The arrow barely misses the orc priest.
The orc priest hits you with a +0 dagger.
You shoot an arrow.
The arrow closely misses the orc priest.
The orc priest closely misses you.
The orc priest hits you with a +0 dagger.
You shoot an arrow. The arrow hits the orc priest.
The orc priest is heavily wounded.
The orc priest barely misses you.
You shoot an arrow. The arrow hits the orc priest!
The orc priest is almost dead.
The orc priest invokes the aid of Beogh against you.
Beogh smites you!
Ouch! That really hurt!
You die...

# #.# .o....#.#.########..
#
###.#.#...#.#.............
#...#.......#.....######.#
#...#.......#.#.#.# #.#
#.#.#.......#.#.#.# #.#
#.#.#.#...#.#.#.#.# #.#
########.#.#.......#.#.#.#
#.#
.........#......o).....#.#
#.#
#######...####..@#######.#
#.# #.#............#
#.######.#
#...##########.#
#........# ....# #.#
########## ###.## #.# .#
#.# .# #.############ >#
#............#
############.#


You could see an orc priest.

Vanquished Creatures
  2 orcs (D:2)
  2 endoplasms (D:2)
  2 giant cockroaches
  2 goblins
  3 hobgoblins
  A quokka (D:2)
  7 ball pythons
  5 bats
  2 frilled lizards
  3 kobolds
  7 rats (D:1)
36 creatures vanquished.

Notes
Turn   | Place    | Note
-------+----------+-------------------------------------------
     0 | D:1      | qw the Djinni Hunter began the quest for the Orb.
     0 | D:1      | Reached XP level 1. HP: 18/18 MP: 0/0
     0 | D:1      | 0 ||| qw: Version: 0.3-a-136-gdd3b4e8
     0 | D:1      | 0 ||| qw: Game counter: 1425
     0 | D:1      | 0 ||| qw: Melee chars always use a shield: true
     0 | D:1      | 0 ||| qw: God list: Okawaru
     0 | D:1      | 0 ||| qw: Allow faded altars: false
     0 | D:1      | 0 ||| qw: Do Orc after clearing Dungeon:15 true
     0 | D:1      | 0 ||| qw: Do second Lair branch before Depths: true
     0 | D:1      | 0 ||| qw: Lair rune preference: random
     0 | D:1      | 0 ||| qw: Goals: Normal
     0 | D:1      | 0 ||| PLANNING D:1-11
   155 | D:1      | Reached XP level 2. HP: 23/23 MP: 0/0
   786 | D:1      | 786 ||| UPGRADING to amulet of regeneration.
   791 | D:1      | 791 ||| READING scroll labelled TUDEUZOORE.
   795 | D:1      | 795 ||| READING scroll labelled XATHYO JIMO.
   796 | D:1      | 796 ||| DRINKING 3 smoky brown potions.
   797 | D:1      | 797 ||| DRINKING 3 lumpy white potions.
   825 | D:1      | 825 ||| DROPPING scroll of butterflies.
   826 | D:1      | 826 ||| DROPPING 2 potions of lignification.
   844 | D:2      | Reached XP level 3. HP: 28/28 MP: 0/0
   844 | D:2      | Learned a level 1 spell: Kiss of Death
   857 | D:2      | Reached skill level 4 in Ranged Weapons
   912 | D:2      | Found Buen's Jewellery Boutique.
   921 | D:2      | 921 ||| SHOPLISTING amulet of faith (480 gold, have 81).
   921 | D:2      | 921 ||| SHOPLISTING amulet of reflection (360 gold, have
                  | 81).
   921 | D:2      | 921 ||| SHOPLISTING ring "Vymi" {^Contam Fly rPois Int+9}
                  | (504 gold, have 81).
   921 | D:2      | 921 ||| SHOPLISTING ring of positive energy (240 gold, have
                  | 81).
  1025 | D:2      | Found Kupom's Vocational Training.
  1043 | D:2      | 1043 ||| UPGRADING to +0 ring mail.
  1053 | D:2      | 1053 ||| DROPPING +0 leather armour.
  1082 | D:2      | Found an opulent altar of Gozag.
  1282 | D:2      | HP: 7/29 [orc priest/+0 dagger (3)]
  1285 | D:2      | Killed from afar by an orc priest

Levels and vault maps discovered:
D:1:      dpeg_arrival_solitude, layout_loops_cross, minmay_cut_off
D:2:      cheibrodos_pilgrimage, layout_loops_ring, serial_shops,
          nicolae_shop_gaudy_bauble, basic_altar, nicolae_shop_vocational

Skill      XL: |  1  2  3 |
---------------+----------+-----
Ranged Weapons | 4 |  4.0
Fighting       | |  2.4
Armour         | |  0.7
Dodging        | |  2.1
Stealth        | |  0.7

Action                     || total
---------------------------++-------
   Fire: Shortbow          ||   112
    Use: Scroll            ||     2
         Potion            ||     2
 Armour: Leather armour    ||    17
         Ring mail         ||    10
  Dodge: Dodged            ||    23

Table legend:
 A = Non-vault XP
 B = Vault XP
 C = Vault XP percentage of total XP
 D = Non-vault monster count
 E = Vault monster count
 F = Vault count percentage of total count
                 A         B        C        D         E       F
            +---------+---------+-------+---------+---------+-------
      Total |      43 |      12 |  21.8 |      29 |       7 |  19.4
            +---------+---------+-------+---------+---------+-------
        D:1 |      18 |       6 |  25.0 |      14 |       5 |  26.3
        D:2 |      25 |       6 |  19.4 |      15 |       2 |  11.8
            +---------+---------+-------+---------+---------+-------
